 Dungeon Crawl Stone Soup version 0.29.1-1-gd02db6906a (webtiles) character file.

Game seed: 489490691716098554

29 Ashen the Chiller (level 3, 17/24 HPs)
             Began as a Demonspawn Ice Elementalist on Oct 21, 2022.
             Got out of the dungeon alive.
             The game lasted 00:02:28 (1392 turns).

Ashen the Chiller (Demonspawn Ice Elementalist)     Turns: 1392, Time: 00:02:29

Health: 17/24      AC:  5    Str:  8    XL:     3   Next: 1%
Magic:  6/6        EV: 12    Int: 18    God:
Gold:   75         SH:  0    Dex: 13    Spells: 5/6 levels left

rFire   . . .      SeeInvis .   i - +0 war axe
rCold   . . .      Faith    .   (no shield)
rNeg    . . .      Spirit   .   a - +0 robe
rPois   .          Reflect  .   (no helmet)
rElec   .          Harm     .   c - +0 cloak
rCorr   .          Rampage  .   (no gloves)
Will    .....                   (no boots)
Stlth   ++........              (no amulet)
HPRegen 0.08/turn               (no ring)
MPRegen 0.10/turn               (no ring)

@: no status effects
A: icy blue scales 1, foul stench 1
a: no special abilities


You escaped.
You visited 1 branch of the dungeon, and saw 2 of its levels.

You collected 75 gold pieces.

Inventory:

Hand Weapons
 i - a +0 war axe (weapon)
Armour
 a - a +0 robe (worn)
 c - a +0 cloak (worn)
Wands
 n - a wand of light (6)
Scrolls
 d - a scroll of noise {unknown}
 e - a scroll of immolation {unknown}
 g - 2 scrolls of teleportation {unknown}
 j - a scroll of enchant armour {unknown}
 k - a scroll of butterflies {unknown}
 o - a scroll of identify {unknown}
Potions
 b - a potion of magic
 f - a potion of degeneration {unknown}
 h - 2 potions of haste {unknown}
 l - 2 potions of ambrosia {unknown}
 m - a potion of mutation {unknown}


   Skills:
 + Level 2.2 Dodging
 + Level 2.2 Stealth
 + Level 2.3 Spellcasting
 + Level 3.9 Ice Magic


You had 5 spell levels left.
You knew the following spells:

 Your Spells              Type           Power      Damage    Failure   Level
a - Freeze                Ice            64%        1d8       3%          1

Your spell library contained the following spells:

 Spells                   Type           Power      Damage    Failure   Level
 Frozen Ramparts          Ice            32%        1d5       11%         3
 Ozocubu's Armour         Ice            16%        N/A       11%         3
 Hailstorm                Conj/Ice       9%         3d4       61%         4


Dungeon Overview and Level Annotations

Branches:
Dungeon (2/15)

Altars:

Shops:
D:1 (


Innate Abilities, Weirdness & Mutations

You are partially covered in icy blue scales. (AC +2)
You may rarely emit foul miasma when damaged in melee.


Message History

The kobold hits you with a +0 short sword.
The goblin hits you but does no damage. The goblin barely misses you.
The kobold barely misses you.
You hit the goblin. You punch the goblin.
You kill the goblin!
You barely miss the kobold.
The kobold hits you with a +0 short sword.
Unknown command.
You hit the kobold.
The kobold is moderately wounded.
The kobold closely misses you. The kobold misses you.
You barely miss the kobold.
The kobold is moderately wounded.
The kobold hits you with a +0 short sword.
You miss the kobold.
The kobold is moderately wounded.
The kobold hits you with a +0 short sword. x2
Casting: Freeze (safe; 4% risk of failure)
Confirm with . or Enter, or press ? or * to list all spells.
Aiming: Freeze (safe; 4% risk of failure)
Press: ? - help, Shift-Dir - straight line, f - kobold
Aim: a kobold, wielding a +0 short sword You freeze the kobold!
You kill the kobold!
You have reached level 3!
Your experience leads to an increase in your attributes!
Increase (S)trength, (I)ntelligence, or (D)exterity?
You feel clever. x2; Your demonic ancestry asserts itself...
You begin to emit a foul stench of rot and decay.
There is an open door here.
There is a stone staircase leading up here.
You climb upwards.
There is a stone staircase leading down here.
Things that are here:
a +0 club; a goblin skeleton You see here a hobgoblin skeleton.
There is an open door here.
There is a staircase leading out of the dungeon here.
Are you sure you want to leave the Dungeon?
This will make you lose the game!
You have escaped!

#..####
##....#
#..##.#
#.###.#
#.###'#####
#.#~♣.~♣PP♣#
#.+.....~♣≈#
###P♣~.....#
#~P~♣~≈.@#
##########


There were no monsters in sight!

Vanquished Creatures
  2 dart slugs
  5 goblins
  5 hobgoblins (D:1)
  A jackal (D:1)
  3 kobolds
  2 quokkas
  2 ball pythons
  A rat (D:1)
21 creatures vanquished.

Notes
Turn   | Place    | Note
-------+----------+-------------------------------------------
     0 | D:1      | Ashen the Demonspawn Ice Elementalist began the quest for
                  | the Orb.
     0 | D:1      | Reached XP level 1. HP: 13/13 MP: 3/3
   216 | D:1      | Found Xaklo's Antique Weapon Boutique.
   406 | D:1      | Gained mutation: You are partially covered in icy blue
                  | scales. (AC +2) [demonic ancestry]
   406 | D:1      | Reached XP level 2. HP: 19/19 MP: 3/5
  1275 | D:2      | Gained mutation: You may rarely emit foul miasma when
                  | damaged in melee. [demonic ancestry]
  1275 | D:2      | Reached XP level 3. HP: 8/24 MP: 4/6
  1392 | D:$      | Got out of the dungeon alive.

Illustrated notes

Levels and vault maps discovered:
D:1:      tarquinn_simple_flora_water_f, layout_loops_cross, serial_shops,
          nicolae_square_shop, serial_bayou_pond_b
D:2:      minmay_razor_zed, layout_basic, minivault_4, minmay_misc_feat_cross

Skill      XL: |  1 |
---------------+----+-----
Stealth        | 2 |  2.2
Dodging        | 2 |  2.2
Spellcasting   | |  2.3
Ice Magic      | |  3.9

Action                   || total
-------------------------++-------
Melee: Unarmed           ||     7
       War axe           ||    25
       Punch             ||     1
 Cast: Freeze            ||    19
Armor: Robe              ||    13
Dodge: Dodged            ||    39
